 Dungeon Crawl Stone Soup version 0.25-a0-458-g6fc7858b95 (webtiles) character file.

Game seed: 14154174285439066907, levelgen mode: deterministic

46 Froggeryz the Skirmisher (level 3, -4/33 HPs)
             Began as a Minotaur Fire Elementalist on Feb 2, 2020.
             Slain by a worker ant (6 damage)
             ... on level 1 of the Dungeon.
             The game lasted 00:02:12 (1198 turns).

Froggeryz the Skirmisher (MiFE)                     Turns: 1198, Time: 00:02:13

Health: -4/33      AC:  8    Str: 13    XL:     3   Next: 44%
Magic:  4/4        EV:  6    Int: 12    God:
Gold:   100        SH:  0    Dex: 10    Spells: 3/4 levels left

rFire    . . .     SeeInvis .   (no weapon)
rCold    . . .     Gourm    .   (no shield)
rNeg     . . .     Faith    .   d - +0 chain mail
rPois    .         Spirit   .   (helmet restricted)
rElec    .         Reflect  .   (no cloak)
rCorr    .         Harm     .   (no gloves)
MR       .....                  (no boots)
Stlth    ..........             (no amulet)
HPRegen  0.11/turn              (no ring)
MPRegen  0.09/turn              (no ring)

@: lethally poisoned (-4 -> -9), flying
A: retaliatory headbutt, horns 2
a: no special abilities


You were on level 1 of the Dungeon.
You were very hungry.

You visited 1 branch of the dungeon, and saw 2 of its levels.

You collected 100 gold pieces.

Inventory:

Armour
 d - a +0 chain mail (worn)
Jewellery
 f - an uncursed amulet of harm
Scrolls
 b - a scroll of identify {unknown}
 e - 2 scrolls of remove curse {unknown}
 g - a scroll of fog {unknown}
Comestibles
 c - 3 rations


   Skills:
 * Level 3.9 Fighting
 - Level 2.1 Dodging
 - Level 1.5 Stealth
 - Level 1.3 Spellcasting
 - Level 0.6 Conjurations
 - Level 2.1 Fire Magic


You had 3 spell levels left.
You knew the following spells:

 Your Spells              Type           Power        Failure   Level  Hunger
a - Foxfire               Conj/Fire      #...         99%         1    ##.....

Your spell library contained the following spells:

 Spells                   Type           Power        Failure   Level  Hunger
 Conjure Flame            Conj/Fire      #.......     100%        3    ####...
 Inner Flame              Hex/Fire       #.......     100%        3    ####...
 Sticky Flame             Conj/Fire      #.......     100%        4    #####..
 Fireball                 Conj/Fire      #.........   100%        5    ######.


Dungeon Overview and Level Annotations

Branches:
Dungeon (2/15)

Altars:


Innate Abilities, Weirdness & Mutations

You reflexively headbutt those who attack you in melee.
You have a pair of horns on your head.


Message History

You feel sick. The worker ant closely misses you. You furiously retaliate!
You headbutt the worker ant.
* * * LOW HITPOINT WARNING * * *
You feel sick.
* * * LOW HITPOINT WARNING * * *
You feel sick.
* * * LOW HITPOINT WARNING * * *
You feel sick.
* * * LOW HITPOINT WARNING * * *
You feel sick.
There is an escape hatch in the ceiling here.
The worker ant bites you but does no damage.
A mysterious force pulls you upwards. The hatch slams shut behind you.
* * * LOW HITPOINT WARNING * * *
You feel sick.
You barely miss the worker ant.
The worker ant is moderately wounded.
* * * LOW HITPOINT WARNING * * *
You feel sick. The worker ant bites you.
You die...

#...##.#...# ##.####.######
##.....#.#.### #...##.# ##
####.##.#...#######...##.# #.
####.##.#.#.#....##...##.# #.
#...........#....##...##.# #.
#########.##.......##...##'#####.
.....# #.#....................#.
.....# ##......................#.
.....###........@....##l.......#.
.........##......a...##........#.
#........##..........##.##+#####.
#........##..........##.##.# #.
#...)....##..........##.##.#####.
#........##...#########..#.......
#........##...# ##.#.......
#........###### #.#.......
#..##'##......# #.........


You could see a worker ant.

Vanquished Creatures
  An ooze (D:1)
  A giant cockroach (D:1)
  10 goblins
  5 hobgoblins (D:1)
  3 jackals (D:1)
  4 bats (D:1)
  3 frilled lizards (D:1)
  4 kobolds (D:1)
  5 rats
36 creatures vanquished.

Notes
Turn   | Place    | Note
-------+----------+-------------------------------------------
     0 | D:1      | Froggeryz the Minotaur Fire Elementalist began the quest
                  | for the Orb.
     0 | D:1      | Reached XP level 1. HP: 14/14 MP: 1/1
    39 | D:1      | Reached skill level 1 in Fighting
   251 | D:1      | Reached skill level 2 in Fighting
   447 | D:1      | Reached XP level 2. HP: 21/24 MP: 3/3
   800 | D:1      | Reached skill level 3 in Fighting
   935 | D:1      | Reached XP level 3. HP: 31/31 MP: 4/4
  1198 | D:1      | Slain by a worker ant

Levels and vault maps discovered:
D:1:      dpeg_arrival_tiny_i, layout_basic, minmay_misc_feat_iff,
          dk_noncrumbling_4, serial_bayou_pond_b
D:2:      layout_loops_cross, dancing_weapons_uskayaw, bloody_makhleb,
          minmay_pentomino_z2

Skill      XL: |  1  2 |
---------------+-------+-----
Fighting       | 2 3 |  3.9
Dodging        | |  2.1
Stealth        | |  1.5
Spellcasting   | |  1.3
Conjurations   | |  0.6
Fire Magic     | |  2.1

Action                   || total
-------------------------++-------
Melee: Unarmed           ||   169
       Headbutt          ||    21
  Use: Potion            ||     1
Armor: Robe              ||    24
       Chain mail        ||    86
Dodge: Dodged            ||    70

Table legend:
 A = Non-vault XP
 B = Vault XP
 C = Vault XP percentage of total XP
 D = Non-vault monster count
 E = Vault monster count
 F = Vault count percentage of total count
                 A         B        C        D         E       F
            +---------+---------+-------+---------+---------+-------
      Total |      59 |       7 |  10.6 |      31 |       5 |  13.9
            +---------+---------+-------+---------+---------+-------
        D:1 |      57 |       6 |   9.5 |      30 |       4 |  11.8
        D:2 |       2 |       1 |  33.3 |       1 |       1 |  50.0
            +---------+---------+-------+---------+---------+-------
